 Dungeon Crawl Stone Soup version 0.22-a0-392-g5dc3fd9af9 (webtiles) character file.

387 Manul the Shield-Bearer (level 6, 0/47 HPs)
             Began as a Demonspawn Fighter on May 2, 2018.
             Was an Initiate of Gozag.
             Killed by divine providence
             ... invoked by an orc priest
              (12 damage)
             ... on level 4 of the Dungeon.
             The game lasted 00:04:49 (3862 turns).

Manul the Shield-Bearer (Demonspawn Fighter)        Turns: 3862, Time: 00:04:50

Health: 0/47       AC:  9    Str: 18      XL:     6   Next: 49%
Magic:  0/6        EV: 10    Int:  7      God:    Gozag
Gold:   562        SH:  9    Dex: 11 (13) Spells: 5/5 levels left

rFire    + . .     SeeInvis .     - Unarmed
rCold    . . .     Gourm    .   b - +0 shield
rNeg     . . .     Faith    .   i - +2 scale mail {rF+}
rPois    .         Spirit   +   (helmet restricted)
rElec    .         Reflect  .   (no cloak)
rCorr    .         Harm     .   (no gloves)
MR       .....                  (no boots)
Stlth    ..........             (no amulet)
HPRegen  0.15/turn              m - ring of wizardry
MPRegen  0.10/turn              (no ring)

@: gold aura
A: antennae 1, hooves 1, repulsion field 1, dopey 1, magic shield
a: Potion Petition, Call Merchant, Bribe Branch, Renounce Religion


You were on level 4 of the Dungeon.
You worshipped Gozag.
Gozag was pleased with you.
You were very hungry.

You visited 1 branch of the dungeon, and saw 4 of its levels.
You also visited: Ossuary.

You collected 580 gold pieces.
You paid 18 gold pieces to Gozag.

Inventory:

Hand Weapons
 c - a +2 short sword of electrocution
Armour
 a - a +0 scale mail
 b - a +0 shield (worn)
 i - a +2 scale mail of fire resistance (worn)
Jewellery
 m - a ring of wizardry (left hand)
Scrolls
 e - 2 scrolls of identify
 f - 2 scrolls of fog {unknown}
 h - 2 scrolls of enchant armour {unknown}
 j - 2 scrolls of vulnerability {unknown}
 k - a scroll of immolation {unknown}
 p - a scroll of teleportation
 q - a scroll of remove curse
Potions
 g - a potion of degeneration
 l - 4 potions of flight {unknown}
 n - a potion of magic {unknown}
 o - 2 potions of curing
Comestibles
 d - 4 rations


   Skills:
 + Level 3.4 Fighting
 + Level 0.6 Short Blades
 + Level 3.8 Armour
 + Level 1.8 Dodging
 + Level 0.1 Stealth
 + Level 4.0 Shields
 + Level 3.9 Unarmed Combat


You had 5 spell levels left.
You didn't know any spells.

Dungeon Overview and Level Annotations

Branches:
Dungeon (4/15)
 Temple: D:4-7

Altars:
Ashenzari
Gozag
Makhleb
Uskayaw
Wu Jian


Innate Abilities, Weirdness & Mutations

You have a pair of small antennae on your head.
You are surrounded by a mild repulsion field. (EV +2)
When hurt, damage is shared between your health and your magic reserves.
You have large cloven feet.
You are dopey. (Int -2)


Message History

Beogh smites you!
You hit the orc.
You kill the orc!
The orc hits you but does no damage.
You hit the orc but do no damage. You kick the orc, but do no damage.
The orc misses you.
You barely miss the orc. The orc hits you with a hand axe.
The orc is distracted by the nearby gold.
The orc is no longer distracted by gold.
The orc priest begins to cast a cantrip, but forgets the words!
An orc comes into view. It is wielding a hand axe.
The orc shouts!
The orc priest calls down the wrath of Beogh upon you.
Beogh smites you!
* * * LOW HITPOINT WARNING * * *
The orc priest mumbles some strange prayers to Beogh against you.
Beogh smites you!
You die...
Your body crumbles into a pile of gold.

........## #.##.##.##
......#..## #.##.##..##
......##... #.##.###..#
.....#.o.## .##.# ##.#
#.....#..########..#..###.#
###....#....................
#####.........### #......#.###..
......#.........###........#####
.........o...o.@.........#... #
####...$o....###........##..###
#...##.....# ###......##....#
#....###.....# ##......##.....
.....o. ###...# #..#....##.....
....... #...####..............
...o... ........######........
....... ######.....<...........
####### ######............


You could see an orc priest and 3 orcs.

Vanquished Creatures
  An elf zombie (Ossuary)
  2 hounds
  Natasha (D:4)
  A worker ant (D:4)
  A big kobold zombie (Ossuary)
  2 hound zombies (Ossuary)
  4 mummies (Ossuary)
  4 adders
  An adder zombie (Ossuary)
  A worm (D:2)
  5 dart slugs
  4 leopard geckos
  4 orcs
  5 giant cockroaches
  9 goblins
  5 hobgoblins
  9 jackals
  3 quokkas
  A ball python (D:4)
  5 bats
  5 frilled lizards
  A gnoll zombie (Ossuary)
  A goblin zombie (Ossuary)
  3 hobgoblin zombies (Ossuary)
  5 kobolds
  A kobold zombie (Ossuary)
  6 rats
90 creatures vanquished.

Vanquished Creatures (others)
  A goblin zombie (Ossuary)
1 creature vanquished.

Grand Total: 91 creatures vanquished

Notes
Turn   | Place    | Note
-------+----------+-------------------------------------------
     0 | D:1      | Manul the Demonspawn Fighter began the quest for the Orb.
     0 | D:1      | Reached XP level 1. HP: 18/18 MP: 1/1
    98 | D:1      | Gained mutation: When hurt, damage is shared between your health and your magic reserves. [demonic ancestry]
    98 | D:1      | Reached XP level 2. HP: 14/24 MP: 2/2
   115 | D:1      | Reached skill level 3 in Shields
   585 | D:1      | Reached XP level 3. HP: 11/29 MP: 3/3
  1129 | D:2      | Found an opulent altar of Gozag.
  1137 | D:2      | Became a worshipper of Gozag Ym Sagoz the Greedy
  1528 | D:2      | Reached XP level 4. HP: 27/35 MP: 2/4
  2109 | D:3      | Found a hide-covered altar of Uskayaw.
  2288 | D:3      | Gained mutation: You have a pair of small antennae on your head. [demonic ancestry]
  2288 | D:3      | Reached XP level 5. HP: 25/41 MP: 2/5
  2310 | D:3      | Reached skill level 1 in Dodging
  2362 | D:3      | Found a faded altar of an unknown god.
  2757 | D:3      | Found a shattered altar of Ashenzari.
  2808 | D:3      | Found a burning altar of Makhleb.
  2895 | D:3      | Found an ornate altar of the Wu Jian Council.
  3214 | D:4      | Found a sand-covered staircase.
  3233 | D:4      | Gained mutation: You are dopey. (Int -2) [potion of mutation]
  3233 | D:4      | Gained mutation: You have large cloven feet. [potion of mutation]
  3235 | Ossuary  | Entered an ossuary
  3325 | Ossuary  | Gained mutation: You are surrounded by a mild repulsion field. (EV +2) [demonic ancestry]
  3325 | Ossuary  | Reached XP level 6. HP: 12/47 MP: 6/6
  3662 | Ossuary  | Reached skill level 4 in Shields
  3827 | D:4      | Noticed Natasha
  3837 | D:4      | Killed Natasha
  3862 | D:4      | Killed from afar by an orc priest

Vault maps used:
D:1:      saegor_arrival_under_anarchy
D:2:      nicolae_gozag_seed_capital
D:3:      ashenzari_conservatory_becter, old_standard_altar,
          eat_drink_and_be_merry_uskayaw, nicolae_overflow_hidden_temple,
          chequers_ecumenical_altar_simple_redux
D:4:      chequers_ossuary_entry_cave, lemuel_angel_altar, uniq_natasha
Ossuary:  ossuary_minmay_tomb_2a

Skill      XL: |  1  2  3  4  5  6 |
---------------+-------------------+-----
Armour         | 3 |  3.8
Shields        | 3 4 |  4.0
Unarmed Combat | 2 3 |  3.9
Dodging        | 1 |  1.8
Fighting       | |  3.4
Short Blades   | |  0.6
Stealth        | |  0.1

Action                   |  1- 3 |  4- 6 || total
-------------------------+-------+-------++-------
Melee: Unarmed           |   215 |   238 ||   453
       Short sword       |       |    52 ||    52
       Kick              |       |    25 ||    25
  Use: Potion            |       |     9 ||     9
       Scroll            |       |     4 ||     4
 Stab: Distracted        |       |     1 ||     1
  Eat: Chunk             |     2 |       ||     2
       Ration            |       |     2 ||     2
Armor: Scale mail        |    89 |   126 ||   215
       Skin              |       |     6 ||     6
Dodge: Dodged            |    62 |    90 ||   152
Block: Shield            |    99 |   147 ||   246

Table legend:
 A = Spawn XP
 B = Non-spawn XP
 C = Spawn XP percentage of total XP
 D = Spawn monster count
 E = Non-spawn monster count
 F = Spawn count percentage of total count
 G = Total turns spent on level
                    A         B        C        D         E        F      G
               +---------+---------+-------+---------+---------+-------+---------
         Total |       0 |     554 |   0.0 |       0 |      91 |   0.0 |  3862
               +---------+---------+-------+---------+---------+-------+---------
           D:1 |       0 |      48 |   0.0 |       0 |      25 |   0.0 |  1097
           D:2 |       0 |     105 |   0.0 |       0 |      17 |   0.0 |   763
           D:3 |       0 |      70 |   0.0 |       0 |      27 |   0.0 |  1102
           D:4 |       0 |     118 |   0.0 |       0 |       6 |   0.0 |   400
       Ossuary |       0 |     213 |   0.0 |       0 |      16 |   0.0 |   500
               +---------+---------+-------+---------+---------+-------+---------
